 Dungeon Crawl Stone Soup version 0.25-a0-566-g062765be81 (webtiles) character file.

Game seed: 18440415555123432778, levelgen mode: deterministic

72 Leibowitz the Chiller (level 3, 0/26 HPs)
             Began as a Demigod Ice Elementalist on Feb 28, 2020.
             Killed from afar by Sigmund (6 damage)
             ... with a magic dart
             ... on level 2 of the Dungeon.
             The game lasted 00:07:54 (2600 turns).

Leibowitz the Chiller (Demigod Ice Elementalist)    Turns: 2600, Time: 00:07:56

Health: 0/26       AC:  2    Str: 11    XL:     3   Next: 82%
Magic:  6/9        EV: 13    Int: 21    God:
Gold:   35         SH:  0    Dex: 16    Spells: 2/6 levels left

rFire    . . .     SeeInvis .   e - +0 dagger
rCold    . . .     Gourm    .   (no shield)
rNeg     . . .     Faith    .   a - +0 robe
rPois    .         Spirit   .   (no helmet)
rElec    .         Reflect  .   (no cloak)
rCorr    .         Harm     .   (no gloves)
MR       .....                  (no boots)
Stlth    ++........             b - amulet of magic regeneration
HPRegen  0.08/turn              (no ring)
MPRegen  0.36/turn              (no ring)

@: frozen ramparts
A: high mp 1
a: no special abilities


You were on level 2 of the Dungeon.
You were not hungry.

You visited 1 branch of the dungeon, and saw 2 of its levels.

You collected 35 gold pieces.

Inventory:

Hand Weapons
 e - a +0 dagger (weapon)
Armour
 a - a +0 robe (worn)
Jewellery
 b - an amulet of magic regeneration (around neck)
Scrolls
 d - a scroll of teleportation {unknown}
 h - a scroll of blinking {unknown}
Potions
 f - a potion of curing {unknown}
 g - a potion of invisibility {unknown}
 i - a potion of might {unknown}
Comestibles
 c - 3 rations


   Skills:
 + Level 0.1 Short Blades
 + Level 2.0 Dodging
 + Level 2.2 Stealth
 + Level 2.4 Spellcasting
 + Level 4.4 Ice Magic


You had 2 spell levels left.
You knew the following spells:

 Your Spells              Type           Power        Failure   Level  Hunger
a - Freeze                Ice            ###.         2%          1    None
b - Frozen Ramparts       Ice            ###...       7%          3    ###....

Your spell library contained the following spells:

 Spells                   Type           Power        Failure   Level  Hunger
 Ozocubu's Armour         Chrm/Ice       ##......     17%         3    ###....
 Hailstorm                Conj/Ice       ##......     50%         4    ####...
 Summon Ice Beast         Ice/Summ       ##......     50%         4    ####...


Dungeon Overview and Level Annotations

Branches:
Dungeon (2/15)

Annotations:
D:2 Sigmund


Innate Abilities, Weirdness & Mutations

You have an increased reservoir of magic. (+10% MP)


Message History

The frozen ramparts melt away.
Sigmund casts a spell at you. The magic dart hits you.
* * * LOW HITPOINT WARNING * * *
Your transformation is almost over.
There is an escape hatch in the floor here.
Your transformation has ended.
Your +0 dagger unmelds from your body.
Your +0 robe unmelds from your body.
Your amulet of magic regeneration unmelds from your body.
You start resting.
Magic restored.
Your amulet attunes itself to your body and you begin to regenerate magic more quickly.
Casting: Frozen Ramparts (safe; 7% risk of failure)
Confirm with . or Enter, or press ? or * to list all spells.
The walls around you are covered in icicles.
The wall releases a blast of icicles at Sigmund!
Sigmund is encased in ice.
Sigmund casts a spell at you. The magic dart hits you.
You die...

########## .........#
########.##############
................@.....####
########.###########@##..#
## #.# #.......##.## ##_##
#.# #.......##.###8...8
#.# #.......##..##.....
#.# #######.##..#8.....
#.# #..>..##..... #.#
#.....##8...8 #.# #.....#
##_##


You could see Sigmund.

Vanquished Creatures
  A centaur skeleton (D:2)
  A worm (D:2)
  A ball python (D:2)
  A giant cockroach (D:1)
  9 goblins
  2 hobgoblins
  7 jackals
  6 bats
  2 frilled lizards (D:2)
  4 kobolds
  4 rats (D:1)
38 creatures vanquished.

Notes
Turn   | Place    | Note
-------+----------+-------------------------------------------
     0 | D:1      | Leibowitz the Demigod Ice Elementalist began the quest for
                  | the Orb.
     0 | D:1      | Reached XP level 1. HP: 14/14 MP: 5/5
    99 | D:1      | Reached skill level 4 in Ice Magic
   173 | D:1      | Reached XP level 2. HP: 15/20 MP: 5/7
   909 | D:2      | Noticed Sigmund
  1375 | D:2      | Reached XP level 3. HP: 5/26 MP: 2/8
  1380 | D:2      | Learned a level 3 spell: Frozen Ramparts
  1841 | D:2      | Found a stormy altar of Qazlal.
  2451 | D:2      | Found a basalt altar of Yredelemnul.
  2600 | D:2      | Killed from afar by Sigmund

Levels and vault maps discovered:
D:1:      sevenhm_arrival_forest_fort_large_2, layout_loops_cross
D:2:      layout_basic, nicolae_overflow_hidden_temple, minivault_4,
          kennysheep_generic_room_8, uniq_sigmund

Skill      XL: |  1  2 |
---------------+-------+-----
Ice Magic      | 4 |  4.4
Spellcasting   | 2 |  2.4
Dodging        | 2 |  2.0
Stealth        | 2 |  2.2
Short Blades   | |  0.1

Action                   || total
-------------------------++-------
Melee: Unarmed           ||     1
       Dagger            ||    16
 Cast: Freeze            ||    42
       Frozen Ramparts   ||     7
 Stab: Sleeping          ||     8
  Eat: Chunk             ||     6
Armor: Robe              ||     8
       Skin              ||     1
Dodge: Dodged            ||    26

Table legend:
 A = Non-vault XP
 B = Vault XP
 C = Vault XP percentage of total XP
 D = Non-vault monster count
 E = Vault monster count
 F = Vault count percentage of total count
                 A         B        C        D         E       F
            +---------+---------+-------+---------+---------+-------
      Total |     101 |       3 |   2.9 |      36 |       2 |   5.3
            +---------+---------+-------+---------+---------+-------
        D:1 |      36 |       0 |   0.0 |      24 |       0 |   0.0
        D:2 |      65 |       3 |   4.4 |      12 |       2 |  14.3
            +---------+---------+-------+---------+---------+-------
